TOP OF THE 1ST |
Lakeland Flying Tigers batting - Pitching for Brevard County Manatees : LHP Sam Glaser
|
Pitching: LHP Sam Glaser
|
|
Batting: RHB Alex Duarte
|
0-0: Hit by Pitch
|
Batting: RHB Dustin Bursell
|
0-0: Ball 1-0: Ball 2-0: Called Strike 2-1: Called Strike 2-2: Strikes out swinging
|
Batting: RHB Victor Acuna
|
0-0: Foul Ball, location: 9LDF 0-1: Ball 1-1: Called Strike Alex Duarte steals 2nd base 1-2: Foul Ball, location: 5SF 1-2: Strikes out swinging
|
Batting: SHB Ronnie Lundy
|
0-0: Ball 1-0: Ball 2-0: Ball 3-0: Base on Balls
|
Batting: RHB Harry Tugnut
|
0-0: Called Strike 0-1: Called Strike 0-2: Foul Ball, location: 9LSF 0-2: Ball 1-2: Strikes out swinging
|
Top of the 1st over - 0 runs, 0 hits, 0 errors, 2 left on base; Lakeland 0 - Brevard County 0 |
BOTTOM OF THE 1ST |
Brevard County Manatees batting - Pitching for Lakeland Flying Tigers : RHP Bror Wuopio
|
Pitching: RHP Bror Wuopio
|
|
Batting: RHB Frank Pena
|
0-0: Ball 1-0: Ball 2-0: Ground out 2-3 (Groundball, 15S, EV 63.8 MPH)
|
Batting: RHB Xiao-shuang Au
|
0-0: Ball 1-0: Called Strike 1-1: Ball 2-1: Foul Ball, location: 2F 2-2: Strikes out swinging
|
Batting: LHB Fumito Sakurai
|
0-0: Ball 1-0: Called Strike 1-1: Ground out 5-3 (Groundball, 56, EV 102.5 MPH)
|
Bottom of the 1st over - 0 runs, 0 hits, 0 errors, 0 left on base; Lakeland 0 - Brevard County 0 |
TOP OF THE 2ND |
Lakeland Flying Tigers batting - Pitching for Brevard County Manatees : LHP Sam Glaser
|
Batting: SHB Bill Casal
|
0-0: Ball 1-0: Ball 2-0: Fly out, F8 (Flyball, 8RM, EV 93.8 MPH)
|
Batting: RHB Mark Massey
|
0-0: Ball 1-0: Foul Ball, location: 3F 1-1: Ball 2-1: Called Strike 2-2: Ball 3-2: Strikes out swinging
|
Batting: RHB Francisco Ruiz
|
0-0: Ground out 5-3 (Groundball, 56S, EV 88.8 MPH)
|
Top of the 2nd over - 0 runs, 0 hits, 0 errors, 0 left on base; Lakeland 0 - Brevard County 0 |
BOTTOM OF THE 2ND |
Brevard County Manatees batting - Pitching for Lakeland Flying Tigers : RHP Bror Wuopio
|
Batting: LHB Tyler Francis
|
0-0: Called Strike 0-1: Ground out 6-3 (Groundball, 4M, EV 83.8 MPH)
|
Batting: LHB Tony Hasbun
|
0-0: Ball 1-0: Ball 2-0: Ground out 6-3 (Groundball, 6D, EV 101.3 MPH)
|
Batting: RHB Jose Cerritos
|
0-0: Called Strike 0-1: Called Strike 0-2: Foul Ball, location: 25F 0-2: SINGLE (Groundball, 4MD, EV 103.8 MPH)
|
Batting: RHB Alfredo Sena
|
0-0: Called Strike 0-1: Swinging Strike 0-2: Ball Jose Cerritos is caught stealing 2nd base 2-4
|
Bottom of the 2nd over - 0 runs, 1 hit, 0 errors, 0 left on base; Lakeland 0 - Brevard County 0 |
TOP OF THE 3RD |
Lakeland Flying Tigers batting - Pitching for Brevard County Manatees : LHP Sam Glaser
|
Batting: RHB Alejandro Tovar
|
0-0: Foul Ball, location: 5SF 0-1: Ball 1-1: Called Strike 1-2: Foul Ball, location: 3F 1-2: Strikes out looking
|
Batting: RHB Alex Duarte
|
0-0: Called Strike 0-1: Ball 1-1: SINGLE (Groundball, 6MS, EV 70.6 MPH) (infield hit)
|
Batting: RHB Dustin Bursell
|
0-0: Ball Alex Duarte steals 2nd base 1-0: Ground out 4-3 (Groundball, 4, EV 85.0 MPH) Alex Duarte to third
|
Batting: RHB Victor Acuna
|
0-0: Ball 1-0: Called Strike 1-1: Foul Ball, location: 9LMF 1-2: Ball 2-2: Foul Ball, location: 2F 2-2: Ball 3-2: Ground out 5-3 (Groundball, 5S, EV 72.5 MPH)
|
Top of the 3rd over - 0 runs, 1 hit, 0 errors, 1 left on base; Lakeland 0 - Brevard County 0 |
BOTTOM OF THE 3RD |
Brevard County Manatees batting - Pitching for Lakeland Flying Tigers : RHP Bror Wuopio
|
Batting: RHB Alfredo Sena
|
0-0: Called Strike 0-1: Ball 1-1: Called Strike 1-2: Ball 2-2: Fly out, F8 (Flyball, 8RD, EV 94.4 MPH)
|
Batting: LHB Bill Kovac
|
0-0: Ground out 5-3 (Groundball, 56, EV 88.1 MPH)
|
Batting: RHB Lorenzo Diaz
|
0-0: Foul Ball, location: 2F 0-1: Ball 1-1: Foul Ball, location: 5F 1-2: Foul Ball, location: 2F 1-2: Ball 2-2: Foul Ball, location: 2F 2-2: Ball 3-2: Strikes out looking
|
Bottom of the 3rd over - 0 runs, 0 hits, 0 errors, 0 left on base; Lakeland 0 - Brevard County 0 |
TOP OF THE 4TH |
Lakeland Flying Tigers batting - Pitching for Brevard County Manatees : LHP Sam Glaser
|
Batting: SHB Ronnie Lundy
|
0-0: Ball 1-0: Swinging Strike 1-1: Foul Ball, location: 2F 1-2: Foul Ball, location: 2F 1-2: Ground out 5-3 (Groundball, 5, EV 91.3 MPH)
|
Batting: RHB Harry Tugnut
|
0-0: Ground out 5-3 (Groundball, 56, EV 78.1 MPH)
|
Batting: SHB Bill Casal
|
0-0: Called Strike 0-1: Swinging Strike 0-2: Ball 1-2: Ball 2-2: Ball 3-2: Strikes out swinging
|
Top of the 4th over - 0 runs, 0 hits, 0 errors, 0 left on base; Lakeland 0 - Brevard County 0 |
BOTTOM OF THE 4TH |
Brevard County Manatees batting - Pitching for Lakeland Flying Tigers : RHP Bror Wuopio
|
Batting: RHB Frank Pena
|
0-0: Ball 1-0: DOUBLE (Groundball, 5L, EV 104.4 MPH)
|
Batting: RHB Xiao-shuang Au
|
0-0: SINGLE (Groundball, 6MD, EV 102.5 MPH) Frank Pena to third Runner from 3rd tries for Home, SAFE, throw by CF to home
|
Batting: LHB Fumito Sakurai
|
0-0: Swinging Strike 0-1: Fielders Choice at 2nd, 1-6 (Groundball, 13S, EV 70.6 MPH)
|
Batting: LHB Tyler Francis
|
0-0: Called Strike 0-1: Called Strike Fumito Sakurai is caught stealing 2nd base 2-6 0-2: Ball 1-2: Ball 2-2: Foul Ball, location: 2F 2-2: Ground out 6-3 (Groundball, 4MD, EV 95.0 MPH)
|
Bottom of the 4th over - 1 run, 2 hits, 0 errors, 0 left on base; Lakeland 0 - Brevard County 1 |
TOP OF THE 5TH |
Lakeland Flying Tigers batting - Pitching for Brevard County Manatees : LHP Sam Glaser
|
Batting: RHB Mark Massey
|
0-0: Called Strike 0-1: Foul Ball, location: 2F 0-2: Ball 1-2: Foul Ball, location: 3F 1-2: Strikes out swinging
|
Batting: RHB Francisco Ruiz
|
0-0: Ball 1-0: Swinging Strike 1-1: Foul Ball, location: 9LSF 1-2: Foul Ball, location: 7LMF 1-2: Ball 2-2: Strikes out swinging
|
Batting: RHB Alejandro Tovar
|
0-0: Called Strike 0-1: Swinging Strike 0-2: Ball 1-2: Foul Ball, location: 5FF 1-2: Ball 2-2: Strikes out swinging
|
Top of the 5th over - 0 runs, 0 hits, 0 errors, 0 left on base; Lakeland 0 - Brevard County 1 |
BOTTOM OF THE 5TH |
Brevard County Manatees batting - Pitching for Lakeland Flying Tigers : RHP Bror Wuopio
|
Batting: LHB Tony Hasbun
|
0-0: Ball 1-0: Ball 2-0: Ball 3-0: Called Strike 3-1: Base on Balls
|
Batting: RHB Jose Cerritos
|
0-0: Ball 1-0: Ball 2-0: Ball 3-0: Base on Balls Tony Hasbun to second
|
Batting: RHB Alfredo Sena
|
0-0: Swinging Strike 0-1: Ball 1-1: Called Strike 1-2: Ball 2-2: DOUBLE (Line Drive, 7LD, EV 102.5 MPH) Tony Hasbun scores Jose Cerritos to third
|
Batting: LHB Bill Kovac
|
0-0: Foul Ball, location: 3FF 0-1: Foul Ball, location: 7LMF 0-2: Ball 1-2: Fly out, F8 (Line Drive, 8RM, EV 86.3 MPH)
|
Batting: RHB Lorenzo Diaz
|
0-0: Called Strike 0-1: Foul Ball, location: 9LMF 0-2: Foul Ball, location: 23FF 0-2: Ball Wild Pitch! Jose Cerritos scores Alfredo Sena to third 1-2: Foul Ball, location: 23FF 1-2: Ball 2-2: Ball 3-2: Base on Balls
|
Batting: RHB Frank Pena
|
0-0: Called Strike 0-1: Fly out, F7 (Flyball, 78M, EV 90.6 MPH) Runner from 3rd tags up, OUT at HOME! 7-2
|
Bottom of the 5th over - 2 runs, 1 hit, 0 errors, 1 left on base; Lakeland 0 - Brevard County 3 |
TOP OF THE 6TH |
Lakeland Flying Tigers batting - Pitching for Brevard County Manatees : LHP Sam Glaser
|
Batting: RHB Alex Duarte
|
0-0: Fly out, F9 (Line Drive, 9S, EV 88.8 MPH)
|
Batting: RHB Dustin Bursell
|
0-0: Called Strike 0-1: Foul Ball, location: 2F 0-2: Ball 1-2: Strikes out swinging
|
Batting: RHB Victor Acuna
|
0-0: Ball 1-0: Ball 2-0: Called Strike 2-1: Foul Ball, location: 2F 2-2: Strikes out swinging
|
Top of the 6th over - 0 runs, 0 hits, 0 errors, 0 left on base; Lakeland 0 - Brevard County 3 |
BOTTOM OF THE 6TH |
Brevard County Manatees batting - Pitching for Lakeland Flying Tigers : RHP Bror Wuopio
|
Batting: RHB Xiao-shuang Au
|
0-0: Foul Ball, location: 25F 0-1: Called Strike 0-2: Ball 1-2: SINGLE (Groundball, 6MD, EV 96.9 MPH)
|
Pitching: RHP Mike Valdivia
|
|
Batting: LHB Fumito Sakurai
|
0-0: Called Strike 0-1: Swinging Strike 0-2: Ball 1-2: Ball 2-2: Foul Ball, location: 7LDF 2-2: 2-RUN HOME RUN (Flyball, 9D, EV 96.9 MPH), Distance : 370 ft
|
Batting: LHB Tyler Francis
|
0-0: Called Strike 0-1: Foul Ball, location: 2F 0-2: Ball 1-2: Strikes out swinging
|
Batting: LHB Tony Hasbun
|
0-0: Called Strike 0-1: Foul Ball, location: 25FF 0-2: Ball 1-2: Strikes out looking
|
Batting: RHB Jose Cerritos
|
0-0: Called Strike 0-1: SINGLE (Groundball, 56D, EV 98.8 MPH)
|
Batting: RHB Alfredo Sena
|
0-0: Fielders Choice at 2nd, 6-4 (Groundball, 6, EV 83.1 MPH)
|
Bottom of the 6th over - 2 runs, 3 hits, 0 errors, 1 left on base; Lakeland 0 - Brevard County 5 |
TOP OF THE 7TH |
Lakeland Flying Tigers batting - Pitching for Brevard County Manatees : LHP Sam Glaser
|
Now at 1B: Chris Maul
|
|
Now in LF: Victor Alarcon
|
|
Batting: SHB Ronnie Lundy
|
0-0: Ball 1-0: Ball 2-0: Ball 3-0: Called Strike 3-1: Foul Ball, location: 9LDF 3-2: Strikes out looking
|
Pitching: RHP Tristan Smeets
|
|
Batting: RHB Harry Tugnut
|
0-0: Swinging Strike 0-1: Ball 1-1: Ball 2-1: Called Strike 2-2: Strikes out swinging
|
Batting: SHB Bill Casal
|
0-0: Ball 1-0: Swinging Strike 1-1: Fly out, F7 (Flyball, 78S, EV 85.6 MPH)
|
Top of the 7th over - 0 runs, 0 hits, 0 errors, 0 left on base; Lakeland 0 - Brevard County 5 |
BOTTOM OF THE 7TH |
Brevard County Manatees batting - Pitching for Lakeland Flying Tigers : RHP Mike Valdivia
|
Batting: LHB Bill Kovac
|
0-0: Ground out 4-3 (Groundball, 4, EV 90.0 MPH)
|
Batting: RHB Lorenzo Diaz
|
0-0: Ball 1-0: Ground out 6-3 (Groundball, 6, EV 81.3 MPH)
|
Batting: RHB Frank Pena
|
0-0: Called Strike 0-1: Called Strike 0-2: Ball 1-2: SINGLE (Line Drive, 7LS, EV 95.0 MPH)
|
Batting: RHB Xiao-shuang Au
|
0-0: Ball 1-0: Foul Ball, location: 2F 1-1: Fly out, F9 (Flyball, 89M, EV 98.8 MPH)
|
Bottom of the 7th over - 0 runs, 1 hit, 0 errors, 1 left on base; Lakeland 0 - Brevard County 5 |
TOP OF THE 8TH |
Lakeland Flying Tigers batting - Pitching for Brevard County Manatees : RHP Tristan Smeets
|
Pinch Hitting: LHB Jon Frederick
|
0-0: Ball 1-0: Ball 2-0: Ball 3-0: Base on Balls
|
Pinch Hitting: LHB Timotheus Young
|
0-0: Ball 1-0: SINGLE (Line Drive, 6M, EV 108.8 MPH) Jon Frederick to second
|
Batting: LHB Antonio Luis
|
0-0: Fly out, F9 (Flyball, 89S, EV 81.9 MPH)
|
Pinch Hitting: LHB Ryan Adams
|
0-0: Ball Wild Pitch! Jon Frederick to third Timotheus Young to second 1-0: Ball 2-0: Foul Ball, location: 5DF 2-1: SINGLE (Groundball, 34D, EV 100.0 MPH) Jon Frederick scores Timotheus Young to third Runner from 3rd tries for Home, throw by RF and OUT! 9-2
|
Pinch Hitting: RHB J.J. Basil
|
0-0: Ball 1-0: Fly out, F9 (Flyball, 9, EV 90.0 MPH)
|
Top of the 8th over - 1 run, 2 hits, 0 errors, 1 left on base; Lakeland 1 - Brevard County 5 |
BOTTOM OF THE 8TH |
Brevard County Manatees batting - Pitching for Lakeland Flying Tigers : RHP Mike Valdivia
|
Now at 3B: J.J. Basil
|
|
Now at SS: Ryan Adams
|
|
Now in LF: Jon Frederick
|
|
Now in CF: Timotheus Young
|
|
Batting: LHB Fumito Sakurai
|
0-0: DOUBLE (Flyball, 78XD, EV 96.9 MPH)
|
Batting: RHB Chris Maul
|
0-0: Called Strike 0-1: Foul Ball, location: 2F 0-2: Ball 1-2: Strikes out swinging
|
Batting: LHB Tony Hasbun
|
0-0: Ball 1-0: Ball 2-0: SINGLE (Groundball, 6MD, EV 106.9 MPH) Fumito Sakurai to third
|
Batting: RHB Victor Alarcon
|
0-0: SINGLE (Groundball, 6MS, EV 63.1 MPH) (infield hit) Fumito Sakurai scores Tony Hasbun to second
|
Batting: RHB Alfredo Sena
|
0-0: Called Strike 0-1: Ball 1-1: Foul Ball, location: 9LMF 1-2: Strikes out looking
|
Batting: LHB Bill Kovac
|
0-0: Called Strike 0-1: Ball 1-1: Swinging Strike 1-2: Fly out, F8 (Line Drive, 8LD, EV 106.9 MPH)
|
Bottom of the 8th over - 1 run, 3 hits, 0 errors, 2 left on base; Lakeland 1 - Brevard County 6 |
TOP OF THE 9TH |
Lakeland Flying Tigers batting - Pitching for Brevard County Manatees : RHP Tristan Smeets
|
Pinch Hitting: LHB Jamie Christian
|
0-0: Called Strike 0-1: Foul Ball, location: 5FF 0-2: Ball 1-2: Ball 2-2: Foul Ball, location: 2F 2-2: Foul Ball, location: 23F 2-2: Foul Ball, location: 2F 2-2: Foul Ball, location: 2F 2-2: Ball 3-2: Foul Ball, location: 2F 3-2: Strikes out swinging
|
Batting: SHB Ronnie Lundy
|
0-0: Ball 1-0: Ground out 4-3 (Groundball, 4, EV 83.8 MPH)
|
Pinch Hitting: SHB Isaiah Bias
|
0-0: Called Strike 0-1: Ball 1-1: SINGLE (Groundball, 4MD, EV 102.5 MPH)
|
Pinch Hitting: RHB Jon Goldstein
|
0-0: Called Strike 0-1: Foul Ball, location: 5F 0-2: Foul Ball, location: 2F 0-2: Ball 1-2: Strikes out swinging
|
Top of the 9th over - 0 runs, 1 hit, 0 errors, 1 left on base; Lakeland 1 - Brevard County 6 |
|